 Dungeon Crawl Stone Soup version 0.30.1-9-gdf580d7c3d (webtiles) character file.

Game seed: 1715378620911005397

3239 boopmooplesden the Cleaver (level 9, -2/118 HPs)
             Began as a Minotaur Fighter on Oct 12, 2023.
             Was a Follower of Trog.
             Asphyxiated
             ... on level 8 of the Dungeon.
             The game lasted 00:09:12 (6084 turns).

boopmooplesden the Cleaver (Minotaur Fighter)       Turns: 6084, Time: 00:09:13

Health: -2/118     AC: 14    Str: 25    XL:     9   Next: 67%
Magic:  8/8        EV: 10    Int:  5    God:    Trog [*.....]
Gold:   452        SH:  0    Dex: 10    Spells: 8/8 levels left

rFire   + . .        g - +5 battleaxe (heavy)
rCold   . . .        (shield currently unavailable)
rNeg    . . .        z - +0 chain mail {rF+}
rPois   .            (helmet restricted)
rElec   .            e - +0 cloak
rCorr   .            n - +0 pair of gloves
SInv    +            (no boots)
Will    .....        (no amulet) Stlth
                     i - ring of see invisible
HPRegen 0.39/turn    o - ring of flight
MPRegen 0.11/turn

%: no passive effects
@: berserking, lethally poisoned (-2 -> -46), flying, very quick
A: horns 2, retaliatory headbutt
a: Renounce Religion, Berserk


You were on level 8 of the Dungeon.
You worshipped Trog.
Trog was aware of your devotion.
You visited 2 branches of the dungeon, and saw 9 of its levels.

You collected 452 gold pieces.

Inventory:

Hand Weapons
 a - a +0 war axe
 g - a +5 heavy battleaxe (weapon)
Missiles
 l - 3 throwing nets (quivered)
Armour
 b - a +0 scale mail
 c - a +0 buckler
 e - a +0 cloak (worn)
 n - a +0 pair of gloves (worn)
 z - a +0 chain mail of fire resistance (worn)
 A - a +3 scale mail of fire resistance
Jewellery
 i - a ring of see invisible (left hand)
 o - a ring of flight (right hand)
 u - a ring of magical power
Wands
 m - a wand of flame (19)
 q - a wand of charming (13)
 w - a wand of iceblast (4)
 B - a wand of polymorph (3)
Scrolls
 f - a scroll of poison {unknown}
 t - a scroll of teleportation
 x - a scroll of fear {unknown}
 y - a scroll of enchant weapon
Potions
 d - 2 potions of might
 h - 6 potions of mutation
 j - 4 potions of curing
 k - a potion of lignification
 p - 3 potions of attraction
 r - 2 potions of ambrosia
 s - a potion of berserk rage
 v - a potion of resistance


   Skills:
 + Level 7.6 Fighting
 + Level 11.3 Axes
 + Level 0.1 Throwing
 + Level 9.0 Armour
 + Level 3.8 Dodging
 + Level 1.4 Stealth
 + Level 4.5 Shields


You had 8 spell levels left.
You didn't know any spells.
Your spell library contained the following spells:

 Spells                   Type           Power      Damage    Failure   Level
 Apportation              Tloc           0%         N/A       92%         1
 Necrotise                Necr           0%         1d4       92%         1
 Summon Small Mammal      Summ           0%         N/A       92%         1
 Poisonous Vapours        Pois/Air       0%         N/A       98%         2
 Mephitic Cloud           Conj/Pois/Air  0%         N/A       100%        3
 Cause Fear               Hex            0%         N/A       100%        4
 Freezing Cloud           Conj/Ice/Air   0%         6-21      100%        5
 Dragon Form              Tmut           0%         N/A       100%        7
 Dragon's Call            Summ           0%         N/A       100%        9


Dungeon Overview and Level Annotations

Branches:
Dungeon (8/15)             Temple (1/1) D:7
   Lair: D:8-11

Altars:
Ashenzari
Cheibriados
Dithmenos
Elyvilon
Fedhas
Hepliaklqana
Kikubaaqudgha
Makhleb
Nemelex Xobeh
Qazlal
Sif Muna
Trog
Uskayaw
Vehumet
Xom
Yredelemnul
Zin
The Shining One

Shops:
D:4 (   D:6 *

Annotations:
D:8 Amaemon


Innate Abilities, Weirdness & Mutations

You have a pair of horns on your head.
You reflexively headbutt those who attack you in melee.


Message History

You hear an angry buzzing noise.
Amaemon hits you but does no damage.
You are more poisoned.
Amaemon claws you but does no damage.
Amaemon tail-slaps you but does no damage.
You closely miss Amaemon.
Amaemon is almost dead.
You feel very sick. Amaemon hits you but does no damage. Amaemon claws you.
* * * LOW HITPOINT WARNING * * *
Amaemon tail-slaps you.
* * * LOW HITPOINT WARNING * * *
The scorpion misses you.
Amaemon gestures at the scorpion while chanting.
The scorpion seems to grow toxic.
You slash Amaemon!
Amaemon is almost dead.
You barely miss the scorpion.
* * * LOW HITPOINT WARNING * * *
You feel very sick. The scorpion barely misses you.
Amaemon casts a spell at the scorpion.
The scorpion seems to grow toxic.
You barely miss Amaemon.
Amaemon is almost dead.
You closely miss the scorpion.
You feel very sick.
A killer bee comes into view.
The scorpion stings you.
* * * LOW HITPOINT WARNING * * *
Amaemon hits you with a -1 demon whip of venom.
* * * LOW HITPOINT WARNING * * *
You are more poisoned.
Amaemon misses you.
Amaemon tail-slaps you but does no damage.
The scorpion stings you.
* * * LOW HITPOINT WARNING * * *
You are more poisoned.
You have difficulty breathing.
You die...

#.....#.###....# ≈.
#.....##.#.#.#.# .≈.≈
#......†.....#.#
_≈.≈.##.##.#†#†..###.#
#
≈≈.≈.#....###..#......
. ...≈.....##
#.###..... .
≈≈≈≈......###..#....##
#
......#s...#.....####
.....s6@.....#...#
#####y####........)..
#. #...#####.## .# .
##### ..# .. ..


You could see Amaemon, 2 scorpions and a killer bee.

Vanquished Creatures
  A two-headed ogre (D:8)
  Sigmund (D:5)
  Menkaure (D:5)
  Duvessa (D:7)
  An orc warrior (D:7)
  2 sky beasts
  A black bear (D:5)
  2 phantoms
  2 kobold brigands
  5 bullfrogs
  A gnoll sergeant (D:7)
  Dowan (D:7)
  10 killer bees
  3 jellies
  A gnoll bouda (D:8)
  3 orc priests
  2 hounds (D:5)
  2 iguanas (D:6)
  2 sleepcaps
  Jessica (D:3)
  2 orc wizards
  A mummy (D:3)
  Robin (D:2)
  3 adders
  11 gnolls
  A white imp (D:7)
  4 worms
  17 orcs
  9 ball pythons
  5 endoplasms
  3 giant cockroaches
  17 goblins
  13 hobgoblins
  5 jackals
  21 kobolds
  3 quokkas
  5 bats
  4 frilled lizards
  7 rats
175 creatures vanquished.

Notes
Turn   | Place    | Note
-------+----------+-------------------------------------------
     0 | D:1      | boopmooplesden the Minotaur Fighter began the quest for the
                  | Orb.
     0 | D:1      | Reached XP level 1. HP: 19/19 MP: 0/0
    79 | D:1      | Reached XP level 2. HP: 27/27 MP: 1/1
   319 | D:1      | Reached skill level 3 in Axes
   382 | D:1      | Reached XP level 3. HP: 33/33 MP: 2/2
   674 | D:2      | Found a faded altar of an unknown god.
   962 | D:2      | Reached XP level 4. HP: 40/40 MP: 3/3
  1123 | D:2      | Noticed Robin
  1133 | D:2      | Killed Robin
  1230 | D:3      | Found a radiant altar of Vehumet.
  1342 | D:3      | Noticed Jessica
  1346 | D:3      | Reached skill level 1 in Dodging
  1347 | D:3      | Killed Jessica
  1348 | D:3      | Reached skill level 4 in Axes
  1348 | D:3      | Reached XP level 5. HP: 42/46 MP: 4/4
  1384 | D:3      | Found a snail-covered altar of Cheibriados.
  1741 | D:3      | Identified a scroll of acquirement
  1742 | D:3      | Acquired a +4 heavy battleaxe
  1935 | D:4      | Found Soeq Most's Antique Weapon Shoppe.
  2006 | D:4      | Found a glowing golden altar of the Shining One.
  2006 | D:4      | Found an ancient bone altar of Kikubaaqudgha.
  2013 | D:4      | Found a hazy altar of Hepliaklqana.
  2015 | D:4      | Found a glowing silver altar of Zin.
  2016 | D:4      | Found a basalt altar of Yredelemnul.
  2131 | D:4      | Found a sparkling altar of Nemelex Xobeh.
  2177 | D:4      | Reached skill level 5 in Axes
  2235 | D:5      | Entered Level 5 of the Dungeon
  2249 | D:5      | Noticed Sigmund
  2254 | D:5      | Killed Sigmund
  2255 | D:5      | Reached skill level 5 in Armour
  2255 | D:5      | Reached XP level 6. HP: 32/53 MP: 5/5
  2347 | D:5      | Reached skill level 6 in Axes
  2350 | D:5      | Reached skill level 5 in Fighting
  2350 | D:5      | Reached XP level 7. HP: 57/61 MP: 6/6
  2605 | D:5      | Reached skill level 7 in Axes
  3030 | D:5      | Noticed Menkaure
  3039 | D:5      | Killed Menkaure
  3474 | D:6      | Reached skill level 1 in Stealth
  3618 | D:6      | Found Eclet's General Store.
  3662 | D:6      | Reached XP level 8. HP: 69/69 MP: 7/7
  3971 | D:7      | Reached skill level 8 in Axes
  4650 | D:7      | Reached skill level 9 in Axes
  4922 | D:7      | Found a staircase to the Ecumenical Temple.
  4937 | Temple   | Entered the Ecumenical Temple
  4952 | Temple   | Became a worshipper of Trog the Wrathful
  5192 | D:7      | Noticed Duvessa
  5192 | D:7      | Noticed Dowan
  5197 | D:7      | Killed Dowan
  5199 | D:7      | Killed Duvessa
  5414 | D:7      | Reached XP level 9. HP: 61/78 MP: 8/8
  5428 | D:7      | Reached skill level 10 in Axes
  5793 | D:8      | Noticed a two-headed ogre
  5800 | D:8      | Killed a two-headed ogre
  5833 | D:8      | Reached * piety under Trog
  5972 | D:8      | Reached skill level 11 in Axes
  6071 | D:8      | Noticed Amaemon
  6073 | D:8      | Found a shimmering blue altar of Sif Muna.
  6084 | D:8      | HP: 4/118 [scorpion[Amaemon] (2)]
  6084 | D:8      | Asphyxiated

Illustrated notes

Levels and vault maps discovered:
D:1:      scummos_arrival_star, layout_rooms, minmay_misc_feat_pillars
D:2:      layout_loops_ring, shapermc_ecumenical_altar_notcrosses,
          minmay_indecisive_spiral, uniq_robin
D:3:      layout_rooms, slow_altar_2, vehumet_altar_wand_db,
          hangedman_decor_points, uniq_jessica
D:4:      layout_basic, nemelex_altar_shiori,
          chequers_temple_overflow_minitemple, serial_shops,
          nicolae_lakefront_shop
D:5:      layout_loops_corners, minmay_misc_feat_rugged, uniq_menkaure,
          uniq_sigmund
D:6:      layout_loops_cross, serial_shops, shop
D:7:      layout_gridville, minmay_temple_entry_stoned_glass, uniq_duvessa,
          uniq_crazy_yiuf_cottage
D:8:      minmay_inner_zag, layout_loops_ring,
          mainiacjoe_overflow_catwalk_spiral, dpeg_oklobed_lair,
          hangedman_abyss_or_decor_passed, uniq_amaemon
Temple:   jpeg_temple_island

Skill      XL: |  1  2  3  4  5  6  7  8  9 |
---------------+----------------------------+-----
Fighting       | 4 5 6 7 |  7.6
Armour         | 4 5 6 7 9 |  9.0
Axes           | 3 4 5 6 7 9 11 | 11.3
Shields        | 4 |  4.5
Dodging        | 1 2 3 |  3.8
Stealth        | 1 |  1.4
Throwing       | |  0.1

Action                     |  1- 3 |  4- 6 |  7- 9 || total
---------------------------+-------+-------+-------++-------
  Melee: War axe           |    90 |    64 |       ||   154
         Headbutt          |     9 |    12 |    17 ||    38
         Battleaxe         |       |    15 |   149 ||   164
  Throw: Throwing net      |       |       |     1 ||     1
 Invoke: Berserk           |       |       |     1 ||     1
    Use: Scroll            |       |     4 |    12 ||    16
 Armour: Scale mail        |    55 |    32 |    44 ||   131
         Chain mail        |       |       |    91 ||    91
  Dodge: Dodged            |    65 |    45 |   147 ||   257
  Block: Buckler           |    36 |    21 |       ||    57
